 Dungeon Crawl Stone Soup version 0.17.1-2-g5865329 (webtiles) character file.

83 Peloso the Shield-Bearer (level 4, -10/40 HPs)
             Began as a Minotaur Fighter on Jan 24, 2016.
             Mangled by an orc warrior
             ... wielding a +0 glaive
              (13 damage)
             ... on level 3 of the Dungeon.
             The game lasted 00:03:47 (1303 turns).

Peloso the Shield-Bearer (Minotaur Fighter)         Turns: 1303, Time: 00:03:47

Health: -10/40     AC:  9    Str: 26    XL:     4   Next: 22%
Magic:  3/3        EV:  8    Int:  5    God:
Gold:   187        SH: 10    Dex: 10    Spells: 0 memorised, 3 levels left

rFire  . . .     SeeInvis .     a - +0 long sword
rCold  . . .     Clarity  .     b - +0 scale mail
rNeg   . . .     SustAt   .     c - +0 shield
rPois  .         Gourm    .     (helmet restricted)
rElec  .         Spirit   .     j - +0 cloak
rCorr  .         Warding  .     (no gloves)
rMut   .         Stasis   .     f - +0 pair of boots
MR     .....                    (no amulet)
Stlth  ..........               (no ring)
                                (no ring)

@: mighty, not resistant to hostile enchantments, extremely unstealthy
A: retaliatory headbutt, horns 2
a: no special abilities


You were on level 3 of the Dungeon.
You were not hungry.

You visited 1 branch of the dungeon, and saw 3 of its levels.

You collected 187 gold pieces.

Inventory:

Hand Weapons
 a - a +0 long sword (weapon)
Armour
 b - a +0 scale mail (worn)
 c - a +0 shield (worn)
 f - a +0 pair of boots (worn)
 j - a +0 cloak (worn)
Scrolls
 i - a scroll of fear {unknown}
 k - a scroll of remove curse {unknown}
 l - a scroll of random uselessness {unknown}
 n - a scroll of enchant armour {unknown}
 q - a scroll of enchant weapon {unknown}
Potions
 d - a potion of might
 g - a potion of resistance {unknown}
 h - 5 potions of curing {unknown}
 m - 3 potions of heal wounds {unknown}
 o - 2 potions of haste {unknown}
 p - a potion of flight {unknown}
Comestibles
 e - 2 bread rations
 r - a meat ration


   Skills:
 + Level 3.9 Fighting
 + Level 3.0 Long Blades
 + Level 4.5 Armour
 + Level 1.2 Dodging
 + Level 0.1 Stealth
 + Level 4.6 Shields


You had 3 spell levels left.
You didn't know any spells.

Dungeon Overview and Level Annotations

Branches:
Dungeon (3/15)

Altars:
Ashenzari

Annotations:
D:3 CcS's ghost, amateur FoAK


Innate Abilities, Weirdness & Mutations

You reflexively headbutt those who attack you in melee.
You have a pair of horns on your head.


Message History

The orc shouts!
CcS's ghost hits you but does no damage.
A giant cockroach and an orc priest come into view.
The orc priest shouts!
You slash CcS's ghost!
CcS's ghost is lightly damaged.
CcS's ghost hits you but does no damage.
The orc warrior hits you from afar with a glaive!
You closely miss CcS's ghost.
CcS's ghost is lightly damaged.
You block CcS's ghost's attack.
The orc warrior hits you from afar with a glaive!
* * * LOW HITPOINT WARNING * * *
You block CcS's ghost's attack.
You hit CcS's ghost. You headbutt CcS's ghost.
CcS's ghost is moderately damaged.
CcS's ghost hits you!
* * * LOW HITPOINT WARNING * * *
The orc warrior hits you from afar with a glaive!
You die...

#.....#
#.....#
#..[..#
#.....###
#.......#
##.#.##.#
#.#.##.#
#.#....#
#.####@#
#. #W#


.so ##.#o #.#.. #.. .. ### .#. #.. You could see an orc warrior, CcS's ghost, an
orc and a giant cockroach.

Vanquished Creatures
  3 adders
  An ooze (D:1)
  4 worms (D:2)
  A giant gecko (D:2)
  3 ball pythons
  5 giant cockroaches
  2 goblins
  4 hobgoblins
  2 jackals (D:1)
  6 bats
  A giant newt (D:2)
  6 kobolds
  4 rats
42 creatures vanquished.

Notes
Turn   | Place    | Note
--------------------------------------------------------------
     0 | D:1      | Peloso the Minotaur Fighter began the quest for the Orb.
     0 | D:1      | Reached XP level 1. HP: 19/19 MP: 0/0
   180 | D:1      | Reached skill level 4 in Armour
   186 | D:1      | Reached XP level 2. HP: 25/27 MP: 1/1
   506 | D:2      | Reached XP level 3. HP: 25/33 MP: 2/2
   772 | D:2      | Found a shattered altar of Ashenzari.
   834 | D:2      | Reached skill level 1 in Dodging
  1031 | D:2      | Reached XP level 4. HP: 40/40 MP: 3/3
  1297 | D:3      | Noticed an orc warrior
  1297 | D:3      | Noticed CcS's ghost (amateur FoAK)
  1303 | D:3      | Mangled by an orc warrior

Action                   |  1- 3 |  4- 6 || total
-------------------------+-------+-------++-------
Melee: Long sword        |    97 |    15 ||   112
  Use: Potion            |       |     1 ||     1
  Eat: Chunk             |     1 |       ||     1
